 Dungeon Crawl Stone Soup version 0.31-a0-986-g5e6e4ef867 (webtiles) character file.

Game seed: 16860067331446349756

6531 jasper the Fighter (level 10, -5/85 HPs)
             Began as a Demonspawn Cinder Acolyte on Nov 3, 2023.
             Was a Follower of Ignis.
             Slain by a gargoyle
             ... wielding a +0 mace
              (12 damage)
             ... on level 10 of the Dungeon.
             The game lasted 00:13:14 (10251 turns).

jasper the Fighter (Demonspawn Cinder Acolyte)     Turns: 10251, Time: 00:13:15

Health: -5/85      AC: 15    Str: 15    XL:     10   Next: 69%
Magic:  11/11      EV: 20    Int: 16    God:    Ignis [*.....]
Gold:   509        SH: 10    Dex: 18    Spells: 11/11 levels left

rFire   + .          .
                       - Unarmed
rCold   . . .        i - +0 kite shield
rNeg    . . .        J - +0 acid dragon scales
rPois   +            (no helmet)
rElec   .            I - +1 cloak {Stlth+}
rCorr   +            (no gloves)
SInv    .            (no boots)
Will    .....        k - amulet of the acrobat
Stlth   ++           g - +6 ring of dexterity
HPRegen 0.34/turn    x - ring of poison resistance
MPRegen 0.12/turn

%: acrobat
@: agile, fiery-armoured, invisible
A: claws 1, powered by pain 1, spiny 2
a: Renounce Religion, Fiery Armour, Foxfire Swarm, Rising Flame


You were on level 10 of the Dungeon.
You worshipped Ignis.
Ignis was aware of your devotion.
You visited 1 branch of the dungeon, and saw 10 of its levels.

You collected 539 gold pieces.
You spent 30 gold pieces at shops.

Inventory:

Missiles
 f - 10 javelins
 o - 2 boomerangs
 q - 26 poisoned darts (quivered)
 v - 71 stones
 B - a curare-tipped dart
Armour
 a - a +0 robe
 i - a +0 kite shield (worn)
 j - a +0 leather armour
 p - a +0 ring mail
 y - an orb of light
 I - a +1 cloak of stealth (worn)
 J - +0 acid dragon scales (worn)
 P - the +0 ring mail of Inference {rC++ rCorr}
   (You found it on level 9 of the Dungeon)

   rC++:      It greatly protects you from cold.
   rCorr:     It protects you from acid and corrosion.
Jewellery
 g - a +6 ring of dexterity (left claw)
 k - an amulet of the acrobat (around neck)
 r - a ring of willpower
 w - a ring of protection from fire
 x - a ring of poison resistance (right claw)
 D - a +5 ring of evasion
 G - a ring of wizardry
 L - a ring of magical power
Talismans
 e - a serpent talisman
 z - a beast talisman
Wands
 l - a wand of roots (4)
 s - a wand of charming (2)
 M - a wand of quicksilver (2)
 O - a wand of flame (12)
Scrolls
 c - 3 scrolls of summoning
 d - 4 scrolls of fear
 h - a scroll of amnesia
 m - 4 scrolls of teleportation
 t - 2 scrolls of identify
 E - 2 scrolls of immolation
 H - 2 scrolls of poison
 K - a scroll of blinking
Potions
 b - 2 potions of attraction
 n - 2 potions of enlightenment
 u - 2 potions of resistance
 A - 6 potions of curing
 C - a potion of haste
 F - a potion of brilliance


   Skills:
 - Level 10.0 Fighting
 - Level 3.0 Throwing
 - Level 10.0 Dodging
 + Level 5.9 Shields
 - Level 3.3 Unarmed Combat
 - Level 1.0 Spellcasting
 - Level 2.6 Fire Magic


You had 11 spell levels left.
You didn't know any spells.
Your spell library contained the following spells:

 Spells                   Type           Power      Damage    Failure   Level
 Scorch                   Fire           18%        2d5       41%         2
 Cigotuvi's Dreadful Rot  Necr/Pois/Air  0%         N/A       80%         2
 Lesser Beckoning         Tloc           0%         N/A       80%         2
 Ignite Poison            Fire/Tmut/Pois 3%         N/A       88%         3
 Call Canine Familiar     Summ           0%         N/A       95%         3
 Gell's Gravitas          Tloc           0%         N/A       95%         3
 Sigil of Binding         Hex            0%         N/A       95%         3
 Teleport Other           Tloc           0%         N/A       95%         3
 Flame Wave               Conj/Fire      5%         2d5       99%         4
 Animate Dead             Necr           0%         N/A       100%        4
 Dimensional Bullseye     Hex/Tloc       0%         N/A       100%        4
 Leda's Liquefaction      Hex/Erth       0%         N/A       100%        4
 Borgnjor's Vile Clutch   Necr/Erth      0%         N/A       100%        5
 Freezing Cloud           Conj/Ice/Air   0%         6-21      100%        5
 Death Channel            Necr           0%         N/A       100%        6
 Summon Cactus Giant      Summ           0%         N/A       100%        6


Dungeon Overview and Level Annotations

Branches:
Dungeon (10/15)            Temple (0/1) D:6            Lair (0/5) D:8
    Orc: D:9-12

Altars:
Dithmenos
Fedhas
Hepliaklqana
Nemelex Xobeh
Qazlal
Uskayaw
Vehumet

Shops:
D:1 *   D:5 :


Innate Abilities, Weirdness & Mutations

You have sharp fingernails.
You sometimes gain a little power by taking damage.
You are mostly covered in sharp spines.


Message History

The gargoyle is moderately damaged.
The gargoyle hurls a stone arrow at you.
You block the stone arrow.
You barely miss the gargoyle.
The gargoyle is moderately damaged.
The gargoyle hits you but does no damage.
You scratch the gargoyle.
The gargoyle is heavily damaged.
The gargoyle hurls a stone arrow at you.
The stone arrow hits you. You block the gargoyle's attack.
You take 3 damage, and have 44/85 hp.
You scratch the gargoyle but do no damage.
The gargoyle is heavily damaged.
The gargoyle hurls a stone arrow at you.
You block the stone arrow.
You scratch the gargoyle but do no damage.
The gargoyle is heavily damaged.
The gargoyle is struck by your spines. The gargoyle hits you with a +0 mace!
You take 6 damage, and have 38/85 hp.
You scratch the gargoyle but do no damage.
The gargoyle is severely damaged.
The gargoyle hits you but does no damage.
You closely miss the gargoyle.
The gargoyle is severely damaged.
The gargoyle hits you with a +0 mace!!
* * * LOW HITPOINT WARNING * * *
You focus on the pain.
You feel agile all of a sudden.
You take 23 damage, and have 15/85 hp.
MASSIVE DAMAGE!!
You scratch the gargoyle.
The gargoyle is almost destroyed.
The gargoyle hits you with a +0 mace!
* * * LOW HITPOINT WARNING * * *
You take 8 damage, and have 7/85 hp.
Okay, then.
You fade into invisibility!
The gargoyle closely misses you.
A protective cloak of flame settles atop you.
The gargoyle hits you with a +0 mace!
You die...

#.......# #.......#
#.......# #.......#
#....<..#
...#.......#
.≈..#.......#
.≈8≈.........######
≈..≈..≈......@.....#
8≈...≈8≈..####9....#
≈..≈..≈..≈...'.....#
..≈8≈...≈8≈..#.....#
≈..≈..≈..≈9..#.....#
8S...≈8≈.....#.....#
≈..≈..≈..≈.###.....#
..≈8≈...≈8≈..#.....#
≈..≈..≈..≈...#.....#


You could see a gargoyle (unable to see you).

Vanquished Creatures
  A two-headed ogre (D:9)
  Maggie (D:8)
  A hornet (D:7)
  Grinder (D:3)
  3 yaks (D:8)
  3 wargs (D:8)
  Duvessa (D:6)
  A black bear (D:5)
  A sky beast (D:6)
  An ice beast (D:7)
  2 orc warriors
  3 ogres
  3 centaurs
  4 phantoms
  2 kobold brigands
  5 scorpions
  14 wights
  Dowan (D:6)
  14 killer bees (D:9)
  3 howler monkeys (D:8)
  A jelly (D:5)
  Crazy Yiuf (D:7)
  4 gnoll boudas
  9 orc priests
  4 hounds
  2 sleepcaps
  5 iguanas
  7 orc wizards
  4 adders
  15 gnolls
  A shadow imp (D:8)
  A white imp (D:6)
  2 ufetubi (D:5)
  3 dart slugs
  24 orcs
  9 ball pythons
  8 endoplasms
  A giant cockroach (D:2)
  9 goblins
  14 hobgoblins
  4 jackals
  4 quokkas
  5 bats
  8 frilled lizards
  15 kobolds
  7 rats
  A spectral orc (D:7)
233 creatures vanquished.

Notes
Turn   | Place    | Note
-------+----------+-------------------------------------------
     0 | D:1      | jasper the Demonspawn Cinder Acolyte began the quest for
                  | the Orb.
     0 | D:1      | Reached XP level 1. HP: 18/18 MP: 2/2
   146 | D:1      | Gained mutation: You are partially covered in sharp spines.
                  | [demonic ancestry]
   146 | D:1      | Reached XP level 2. HP: 23/24 MP: 3/3
   696 | D:1      | Found Piycuor's Assorted Antiques.
   703 | D:1      | Bought a scroll labelled AWUNGAU CAYR for 15 gold pieces
  1135 | D:1      | Reached skill level 1 in Dodging
  1135 | D:1      | Gained mutation: You are mostly covered in sharp spines.
                  | [demonic ancestry]
  1135 | D:1      | Reached XP level 3. HP: 29/29 MP: 4/4
  1393 | D:1      | Bought a scroll labelled GIGRIN LYEX for 15 gold pieces
  1813 | D:2      | Gained mutation: You have sharp fingernails. [demonic
                  | ancestry]
  1813 | D:2      | Reached XP level 4. HP: 16/37 MP: 5/5
  2084 | D:3      | Noticed Grinder
  2096 | D:3      | Paralysed by Grinder for 3 turns
  2106 | D:3      | Paralysed by Grinder for 2 turns
  2108 | D:3      | Killed Grinder
  2109 | D:3      | Reached XP level 5. HP: 14/42 MP: 6/6
  2119 | D:3      | Reached XP level 6. HP: 18/48 MP: 7/7
  3306 | D:4      | Reached skill level 5 in Fighting
  3553 | D:4      | Reached XP level 7. HP: 47/56 MP: 8/8
  3693 | D:4      | Found a hide-covered altar of Uskayaw.
  3693 | D:4      | Found a blossoming altar of Fedhas.
  3695 | D:4      | Found a sparkling altar of Nemelex Xobeh.
  3734 | D:4      | Found a shadowy altar of Dithmenos.
  3735 | D:4      | Found a stormy altar of Qazlal.
  3773 | D:5      | Entered Level 5 of the Dungeon
  3972 | D:5      | Found Waathero's Book Shop.
  4292 | D:5      | Reached skill level 5 in Dodging
  4574 | D:5      | Gained mutation: You sometimes gain a little power by
                  | taking damage. [demonic ancestry]
  4574 | D:5      | Reached XP level 8. HP: 48/65 MP: 9/9
  5222 | D:6      | Noticed Dowan
  5230 | D:6      | Noticed Duvessa
  5233 | D:6      | Your ally Dowan died
  5246 | D:6      | Killed Duvessa
  5639 | D:6      | Found a staircase to the Ecumenical Temple.
  5812 | D:6      | Reached XP level 9. HP: 41/75 MP: 10/10
  6692 | D:7      | Found a runed translucent door.
  6693 | D:7      | Noticed Crazy Yiuf
  7049 | D:7      | Found a hazy altar of Hepliaklqana.
  7376 | D:7      | Killed Crazy Yiuf
  7506 | D:8      | Noticed a yaktaur
  7506 | D:8      | Noticed a centaur warrior
  7506 | D:8      | Noticed a manticore
  7506 | D:8      | Noticed a two-headed ogre
  7506 | D:8      | Noticed a boulder beetle
  7528 | D:8      | Noticed a gargoyle
  7542 | D:8      | Noticed a manticore
  7578 | D:8      | Noticed Maggie
  7605 | D:8      | Killed Maggie
  7606 | D:8      | Reached skill level 10 in Fighting
  7857 | D:8      | Found a radiant altar of Vehumet.
  7920 | D:8      | Reached XP level 10. HP: 75/85 MP: 11/11
  8467 | D:8      | Found a staircase to the Lair.
  8761 | D:8      | Reached skill level 10 in Dodging
  8764 | D:8      | Reached skill level 1 in Shields
  9014 | D:8      | Noticed a lindwurm
  9328 | D:9      | Noticed a two-headed ogre
  9342 | D:9      | Killed a two-headed ogre
  9585 | D:9      | Identified the +0 ring mail of Inference {rC++ rCorr}
  9717 | D:9      | Reached skill level 5 in Shields
 10195 | D:10     | Entered Level 10 of the Dungeon
 10218 | D:10     | Noticed a gargoyle
 10251 | D:10     | Slain by a gargoyle

Illustrated notes

Levels and vault maps discovered:
D:1:      dpeg_arrival_solitude, layout_basic, serial_shops, shop,
          due_unseen_surprise
D:2:      layout_rooms, dk_noncrumbling_3
D:3:      layout_loops_ring, uniq_grinder
D:4:      layout_loops_ring, nicolae_overflow_hidden_temple,
          minmay_fractal_squares_diagonal_5
D:5:      layout_loops_ring, serial_shops, nicolae_shop_advertising_works
          [nicolae_subvault_shop_adworks], kennysheep_generic_room_14
D:6:      layout_loops_cross, minmay_temple_entry_gardened_gates, uniq_duvessa
D:7:      layout_basic, nicolae_hepliaklqana_monster_ancestors,
          nrook_pool_corridor, uniq_crazy_yiuf_cottage
D:8:      layout_loops_ring, mainiacjoe_overflow_tiny_flanked,
          erik_lair_orcish_takeover, minivault_12, uniq_maggie
D:9:      layout_loops_cross, kennysheep_generic_room_11
D:10:     layout_gridville, minmay_misc_feat_plants, kennysheep_doodads,
          kennysheep_island_fort

Skill      XL: |  1  2  3  4  5  6  7  8  9 10 |
---------------+-------------------------------+-----
Unarmed Combat | 3 |  3.3
Dodging        | 1 2 3 5 7 9 10 | 10.0
Throwing       | 3 |  3.0
Fighting       | 4 5 6 8 10 | 10.0
Shields        | 5 |  5.9
Spellcasting   | |  1.0
Fire Magic     | |  2.6

Action                     |  1- 3 |  4- 6 |  7- 9 | 10-12 || total
---------------------------+-------+-------+-------+-------++-------
  Melee: Unarmed           |   117 |    76 |   296 |   200 ||   689
         Punch             |     5 |     2 |    14 |     2 ||    23
  Throw: Dart              |       |     2 |    11 |     3 ||    16
         Boomerang         |       |     1 |       |       ||     1
 Invoke: Fiery Armour      |       |     2 |     6 |     2 ||    10
Ability: Begin Untransform |     1 |       |       |       ||     1
  Evoke: Wand              |       |       |     3 |       ||     3
    Use: Scroll            |     5 |     5 |     7 |     1 ||    18
         Potion            |       |     1 |     2 |     1 ||     4
   Stab: Invisible         |       |       |     1 |       ||     1
         Sleeping          |       |       |       |     1 ||     1
 Armour: Robe              |    22 |       |       |       ||    22
         Leather armour    |    20 |       |       |       ||    20
         Ring mail         |       |    30 |   145 |    11 ||   186
         Acid dragon scale |       |       |       |    74 ||    74
  Dodge: Dodged            |    48 |    34 |   197 |   113 ||   392
  Block: Kite shield       |       |       |       |    61 ||    61
   Form: Anaconda          |     1 |       |       |       ||     1

Table legend: (Time is in decaauts)
 A = Elapsed time spent in this place.
 B = Non-inter-level travel time spent in this place.
 C = Inter-level travel time spent in this place.
 D = Time resting spent in this place.
 E = Time spent auto-exploring this place.
 F = Levels seen in this place.
 G = Mean time per level.
                   A        B        C        D        E       F      G
               +--------+--------+--------+--------+--------+-----+--------+
         Total |  10205 |   9854 |    351 |   1010 |   7066 |  10 | 1020.5 |
       Dungeon |  10205 |   9854 |    351 |   1010 |   7066 |  10 | 1020.5 |
               +--------+--------+--------+--------+--------+-----+--------+

Top non-repeatable levels by time:
     D:7: 1544 daAuts
     D:1: 1378 daAuts
     D:8: 1304 daAuts
     D:5: 1254 daAuts
     D:6: 1167 daAuts
     D:9: 1138 daAuts
     D:4: 940 daAuts
     D:3: 722 daAuts
     D:2: 697 daAuts
    D:10: 57 daAuts
